 Dungeon Crawl Stone Soup version 0.28-a0-1152-g9c71ebef14 (webtiles) character file.

Game seed: 10471749517994815738

123 spaghetti the Covert (level 5, -4/36 HPs)
             Began as an Octopode Delver on Dec 14, 2021.
             Slain by a wyvern skeleton (10 damage)
             ... on level 5 of the Dungeon.
             The game lasted 00:01:32 (594 turns).

spaghetti the Covert (Octopode Delver)               Turns: 594, Time: 00:01:33

Health: -4/36      AC:  1    Str: 12    XL:     5   Next: 7%
Magic:  5/5        EV: 13    Int: 17    God:
Gold:   77         SH:  5    Dex: 13    Spells: 4/4 levels left

rFire   . . .      SeeInvis .   a - +0 hand axe {axe}
rCold   . . .      Faith    .   (no shield)
rNeg    . . .      Spirit   .   (helmet restricted)
rPois   .          Reflect  +   h - amulet of Ojyej {Reflect Int+3 SH+5}
rElec   .          Harm     .   (no ring)
rCorr   .          Rampage  .   (no ring)
Will    .....                   (no ring)
Stlth   +++++.....              (no ring)
HPRegen 0.12/turn               (no ring)
MPRegen 0.09/turn               (no ring)
                                (no ring)
                                (no ring)

@: no status effects
A: almost no armour, amphibious, 8 rings, camouflage 1, gelatinous body 1,
(nimble swimmer 1), tentacles
a: no special abilities


You were on level 5 of the Dungeon.
You visited 1 branch of the dungeon, and saw 2 of its levels.

You collected 77 gold pieces.


Innate Abilities, Weirdness & Mutations

You cannot wear most types of armour.
You are amphibious.
You can wear up to eight rings at the same time.
Your skin changes colour to match your surroundings (Stealth+).
Your rubbery body absorbs attacks. (AC +1, EV +1)
((You are camouflaged near water. (Stealth+)))
You have tentacles for arms and can constrict up to eight enemies at once.


   Skills:
 + Level 3.0 Fighting
 - Level 2.0 Axes
 - Level 2.0 Dodging
 + Level 9.5 Stealth


You had 4 spell levels left.
You didn't know any spells.
Your spell library contained the following spells:

 Spells                   Type           Power      Damage    Failure   Level
 Gell's Gravitas          Tloc           0%         N/A       56%         3
 Lesser Beckoning         Tloc           0%         N/A       56%         3
 Teleport Other           Tloc           0%         N/A       56%         3

Inventory:

Hand Weapons
 a - a +0 hand axe (weapon) {axe}
Missiles
 g - 16 stones (quivered) {throwing}
 i - 16 arrows
Magical Staves
 j - a staff of air {!astaff}
   (You found it on level 6 of the Dungeon)
Jewellery
 h - the amulet of Ojyej (around mantle) {Reflect Int+3 SH+5}
   (You found it on level 6 of the Dungeon)

   [amulet of reflection]

   It reflects blocked missile attacks.
   Int:       It affects your intelligence (+3).
   SH:        It affects your SH (+5).
Wands
 f - a wand of digging (3)
 k - a wand of mindburst (6)
   (You found it on level 6 of the Dungeon)
Scrolls
 b - a scroll of fog
 c - a scroll of magic mapping {!r}
Potions
 e - a potion of haste {@q3}
 l - a potion of flight {unknown}

Dungeon Overview and Level Annotations

Branches:
Dungeon (6/15)
 Temple: D:4-7

Altars:

.....#.......#
...#.........##
..##..........##
...............##
................##
..............?..#
.###.............######
.#......#....###.....≈##
.......##..#....@...≈≈≈#
...........#...≈.Z≈≈≈≈..
.......)......≈≈≈≈≈≈....
............≈≈≈..#.#..##
.............#.....#..#
....W........#...... .#
..................##. #
.# #...... ..


You could see a wyvern skeleton.


Message History

Unknown command.
You hit the scorpion zombie. You grab the scorpion zombie.
You constrict the scorpion zombie.
The scorpion zombie hits you. x2 😮 HP[-7]
You take 7 damage, and now have 17/31 hp.
MASSIVE DAMAGE!! (PAUSE)
You hit the scorpion zombie.
You squeeze the scorpion zombie, but do no damage.
You constrict the scorpion zombie. The scorpion zombie misses you.
You hit the scorpion zombie. You constrict the scorpion zombie.
The scorpion zombie barely misses you.
Unknown command.
You hit the scorpion zombie. You squeeze the scorpion zombie.
You constrict the scorpion zombie.
You block the scorpion zombie's attack. 😮 HP[+1] Unknown command.
You hit the scorpion zombie. You constrict the scorpion zombie.
You block the scorpion zombie's attack.
You hit the scorpion zombie but do no damage.
You constrict the scorpion zombie. You block the scorpion zombie's attack.
The scorpion zombie barely misses you.
Unknown command.
You hit the scorpion zombie but do no damage.
You constrict the scorpion zombie. The scorpion zombie hits you!
* * * LOW HITPOINT WARNING * * *
😨 HP[-7]
You take 7 damage, and now have 11/31 hp.
MASSIVE DAMAGE!! (PAUSE) Unknown command.
You hit the scorpion zombie. You squeeze the scorpion zombie.
You destroy the scorpion zombie!
You have reached level 5!
You feel stronger. 😨 HP[+2] MP[+1]
You now have 36 max hp (+5).
You regained 2 hp, and now have 13/36 hp.
Your mp is fully restored (5).
Unknown command.
Unknown command.
You start resting.
You hear the quick hiss of a very distant avalanche of sand.
You hear the quick hiss of a very distant avalanche of sand.
You hear the rapid hiss of a very distant avalanche of sand.
You hear the rapid hiss of a very distant avalanche of sand. 😎 HP[+23]
Your hp is fully restored (36).
Unknown command.
Unknown command.
Unknown command.
Unknown command.
A wyvern skeleton comes into view.
Unknown command.
You see here a scroll of magic mapping {!r}.
The helpless wyvern skeleton fails to defend itself.
You hit the wyvern skeleton. You block the wyvern skeleton's attack.
You barely miss the wyvern skeleton.
Your squeeze misses the wyvern skeleton.
The wyvern skeleton bites you. x2 😕 HP[-6]
You take 6 damage, and now have 30/36 hp.
Unknown command.
You hit the wyvern skeleton. You squeeze the wyvern skeleton.
The wyvern skeleton barely misses you.
You hit the wyvern skeleton. The wyvern skeleton bites you.
You block the wyvern skeleton's attack. 😮 HP[-3]
You take 3 damage, and now have 27/36 hp.
Unknown command.
You hit the wyvern skeleton. You block the wyvern skeleton's attack.
You hit the wyvern skeleton.
You hear the rapid hiss of a very distant avalanche of sand.
The wyvern skeleton bites you! x2
* * * LOW HITPOINT WARNING * * *
😱 HP[-21]
You take 21 damage, and now have 6/36 hp.
MASSIVE DAMAGE!! (PAUSE) Unknown command.
Unknown command.
Cleave: a) +0 hand axe {axe}
Press: ? - help, Dir - move target, f - wyvern skeleton
Aim: a wyvern skeleton (heavily damaged, about 14% to evade your +0 hand axe)
Okay, then.
Unknown command.
Okay, then.
Aiming: Mindburst
Press: ? - help, Shift-Dir - straight line, f - you That would be overly suicidal.
Okay, then.
Aiming: Mindburst
Press: ? - help, Shift-Dir - straight line, f - wyvern skeleton
Aim: a wyvern skeleton (heavily damaged, not susceptible)
Okay, then.
Unknown command.
You hit the wyvern skeleton. The wyvern skeleton closely misses you.
You can't see any enemies this would affect, really read the scroll of fear?
As you read the scroll of fear, it crumbles to dust.
You assume a fearsome visage.
The wyvern skeleton is unaffected.
The wyvern skeleton bites you!
You die...

Skill      XL: |  1  2  3 |
---------------+----------+-----
Stealth        | 8 9 |  9.5
Fighting       | |  3.0
Axes           | |  2.0
Dodging        | |  2.0

Action                   |  1- 3 |  4- 6 || total
-------------------------+-------+-------++-------
Melee: Hand axe          |    11 |    24 ||    35
       Tentacles         |     2 |     5 ||     7
       Constrict         |     2 |     3 ||     5
  Use: Scroll            |     2 |     1 ||     3
 Stab: Sleeping          |     1 |     1 ||     2
Armor: Skin              |     1 |       ||     1
Dodge: Dodged            |     6 |    11 ||    17
Block: Other             |     1 |     7 ||     8

Levels and vault maps discovered:
D:5:      layout_cave_pools, mainiacjoe_overflow_big_doors, enter_ossuary_2,
          chequers_serial_rivers_small_a, minmay_misc_feat_tiny
D:6:      layout_loops_ring, chequers_temple_overflow_minitemple

Notes
Turn   | Place    | Note
-------+----------+-------------------------------------------
     0 | D:5      | spaghetti the Octopode Delver began the quest for the Orb.
     0 | D:5      | Reached XP level 1. HP: 16/16 MP: 1/1
     0 | D:5      | magus.rc [v1.9.6]
    26 | D:6      | Reached skill level 8 in Stealth
    26 | D:6      | Reached XP level 2. HP: 13/21 MP: 2/2
    26 | D:6      | Reached XP level 3. HP: 16/26 MP: 3/3
    26 | D:6      | Identified the amulet of Ojyej {Reflect Int+3 SH+5}
   196 | D:6      | Noticed a black bear
   205 | D:6      | Reached skill level 9 in Stealth
   205 | D:6      | Reached XP level 4. HP: 21/31 MP: 4/4
   369 | D:5      | Noticed a phantom
   380 | D:5      | You pick up a book of Displacement and begin reading...
   380 | D:5      | You add the spells Lesser Beckoning, Gell's Gravitas and
                  | Teleport Other to your library.
   389 | D:5      | Reached XP level 5. HP: 13/36 MP: 5/5
   592 | D:5      | HP: 6/36 [wyvern skeleton (15)]
   594 | D:5      | Slain by a wyvern skeleton

Vanquished Creatures
  A water moccasin skeleton (D:6)
  A bullfrog zombie (D:6)
  A scorpion zombie (D:5)
  An adder (D:5)
  A worm (D:5)
  An orc (D:6)
6 creatures vanquished.

Table legend:
 A = Non-vault XP
 B = Vault XP
 C = Vault XP percentage of total XP
 D = Non-vault monster count
 E = Vault monster count
 F = Vault count percentage of total count
                 A         B        C        D         E       F
            +---------+---------+-------+---------+---------+-------
      Total |     176 |       0 |   0.0 |       6 |       0 |   0.0
            +---------+---------+-------+---------+---------+-------
        D:5 |      55 |       0 |   0.0 |       3 |       0 |   0.0
        D:6 |     121 |       0 |   0.0 |       3 |       0 |   0.0
            +---------+---------+-------+---------+---------+-------

Illustrated notes

Table legend:
 A = Kills in this place as a percentage of kills in entire the game.
 B = Kills by you in this place as a percentage of kills by you in the entire game.
 C = Kills by friends in this place as a percentage of kills by friends in the entire game.
 D = Other kills in this place as a percentage of other kills in the entire game.
 E = Experience gained in this place as a percentage of experience gained in the entire game.
 F = Experience gained in this place divided by the number of levels of this place that you have seen.
                   A       B       C       D       E      F
               +-------+-------+-------+-------+-------+----------------------
         Total | 100.0 | 100.0 |   N/A |   N/A | 100.0 |  88.0
       Dungeon | 100.0 | 100.0 |   N/A |   N/A | 100.0 |  88.0
               +-------+-------+-------+-------+-------+----------------------

Table legend: (Time is in decaauts)
 A = Elapsed time spent in this place.
 B = Non-inter-level travel time spent in this place.
 C = Inter-level travel time spent in this place.
 D = Time resting spent in this place.
 E = Time spent auto-exploring this place.
 F = Levels seen in this place.
 G = Mean time per level.
                   A        B        C        D        E       F      G
               +--------+--------+--------+--------+--------+-----+--------+
         Total |    601 |    601 |      0 |    377 |    108 |   2 |  300.5 |
       Dungeon |    601 |    601 |      0 |    377 |    108 |   2 |  300.5 |
               +--------+--------+--------+--------+--------+-----+--------+

Top non-repeatable levels by time:
     D:5: 396 daAuts
     D:6: 204 daAuts
